Zazza, neutral female human Wizard --------- ------ +# |.......| #.....| # |.......|#########|....| # ---|-.--- # #-....| # ### ### |....| # # # |....| # ### # -.---- # # # ## # ### # # # # # #@# # ### # ######ZZ# ## # # # # --.-----I # --+------ -------.--# |.......# # |.......| |........|# |....I.|# # |.......| |........|# |...>.I|*############[#############...<....| |.........# |......| # |.......| |........| |.{....| ##........| ---------- -------- --------- Zazza the Conjurer Experience level: 5 Strength: 8 Dexterity: 16 Constitution: 15 Intelligence: 18 Wisdom: 10 Charisma: 10 Health: 0(50) Energy: 25(53) Def: 0 Gold: 628 Moves: 3325 Dungeon seed: 9CbpYVuLpHJ4TrTt Game ID: Zazza_1577298747 Your Inventory: Coins $ - 628 gold pieces Weapons a - a blessed +1 quarterstaff u - a +0 dagger Armor e - a blessed +0 cloak of magic resistance Comestibles o - an uncursed lichen corpse v - 2 uncursed apples x - an uncursed lichen corpse Scrolls i - 2 uncursed scrolls of identify j - an uncursed scroll of magic mapping Spellbooks k - a blessed spellbook of force bolt l - an uncursed spellbook of identify Potions g - 2 uncursed potions of healing h - an uncursed potion of sickness m - an uncursed potion of gain level p - an uncursed potion of restore ability w - an uncursed potion of sleeping z - an uncursed potion of monster detection Rings c - an uncursed ring of polymorph (on right hand) d - an uncursed ring of slow digestion (on left hand) r - a cursed ring of polymorph s - an uncursed ring of fire resistance t - a cursed ring of aggravate monster Wands b - a wand of striking (0:4) Tools q - an uncursed tin opener Spells and supernatural/magical abilities: Name Level Category Fail Memory a - force bolt 1 attack 0% 84% I - identify 3 divination 85% 84% W - pray for help -- divine ? -- Your skills at the end: Fighting Skills Weapon Skills quarterstaff [Basic] Spellcasting Skills attack spells [Basic] enchantment spells [Basic] Final Attributes: You were piously aligned. You were shock resistant. You had slower digestion. You were polymorphing. You are dead. Vanquished creatures: a black pudding a leprechaun a rothe a rabid rat a giant bat 2 werejackals an iguana a hobbit a large kobold a hobgoblin 3 giant rats a cave spider a red mold a gnome zombie 5 geckos 7 jackals a fox a kobold 2 sewer rats 4 grid bugs 2 bats 5 lichens 6 newts 50 creatures vanquished. Voluntary challenges: You were an atheist. You used a wielded weapon 27 times, starting on turn 162. You read items or engraved 3 times, starting on turn 1873. You never genocided any monsters. You never polymorphed an object. You changed form 9 times, starting on turn 780. You used no wishes. You never split a pudding. You wrote Elbereth's name 2 times, starting on turn 1873. You never violated your personal moral code. Dungeon overview: The Dungeons of Doom: levels 1 to 6 Level 1 a long staircase Level 2 a fountain Level 3 a fountain, a sink Level 4 a fountain a long staircase Level 5 some fountains Level 6 <- You were here a fountain History has recorded: On T:1 you entered the Dungeons of Doom to retrieve the Amulet of Yendor! On T:291 you reached level 2 of The Dungeons of Doom. On T:470 you advanced to experience level 2. On T:488 you reached level 3 of The Dungeons of Doom. On T:622 you advanced to experience level 3. On T:722 you advanced to experience level 4. On T:1478 you reached level 4 of The Dungeons of Doom. On T:1780 you reached level 5 of The Dungeons of Doom. On T:2426 you reached level 6 of The Dungeons of Doom. On T:2671 you advanced to experience level 5. Score breakdown: Gold: 628 ( 9520 points) Experience: 5 levels (11141 points) Exploration: 6 levels ( 12.50%) ( 9784 points) Discoveries: 5 items ( 1.74%) ( 3952 points) Valuables value: (no points given unless you survive) Artifact value: 0 ( 0 points) Variety of kills: 23 monsters ( 6.04%) ( 7370 points) Turncount: 3325 turns ( -751 points) Survival: died (score multiplied by 80%) Total score: 32812 Latest messages: You can't even move a handspan with this load! You lay an egg. You are physically incapable of picking anything up. You finish searching. You stop searching. (2x) You collapse under your load. (2x) The ghoul hits! (2x) You collapse under your load. (3x) The ghoul hits! (2x) You collapse under your load. (2x) The ghoul hits! (2x) You collapse under your load. (3x) The ghoul hits! You are frozen by the ghoul! The ghoul misses. The ghoul hits! (5x) You return to human form! Your movements are now unencumbered. The ghoul hits! (11x) You can move again. You hit the ghoul. The ghoul hits! (3x) You are frozen by the ghoul! The ghoul hits! (16x) You die... Final status: Goodbye Zazza the Wizard, killed by a ghoul, while paralyzed by a monster's touch... You died in The Dungeons of Doom on dungeon level 6 with 32812 points, and 628 pieces of gold, after 3325 moves. You were level 5 with a maximum of 50 hit points when you died.